 Dungeon Crawl Stone Soup version 0.19-a0-1002-g674d22e (console) character file.

858 brucemayne the Cleaver (level 7, 0/76 HPs)
             Began as a Vampire Berserker on July 18, 2016.
             Was a Believer of Trog.
             Succumbed to a scorpion's poison
             ... on level 6 of the Dungeon.
             The game lasted 00:05:14 (1031 turns).

brucemayne the Cleaver (Vampire Berserker)          Turns: 1031, Time: 00:05:15

Health: 0/76       AC: 11    Str: 23    XL:     7   Next: 71%
Magic:  7/7        EV:  7    Int:  9    God:    Trog [**....]
Gold:   72         SH:  0    Dex: 14    Spells: 0 memorised, 6 levels left

rFire  . . .     SeeInvis +     a - +1 hand axe
rCold  . . .     Gourm    .     n - +0 plate armour
rNeg   + . .     Faith    .     (no shield)
rPois  .         Spirit   .     l - +0 helmet
rElec  .         Dismiss  .     (no cloak)
rCorr  .         Reflect  .     (no gloves)
SustAt .         Harm     .     (no boots)
MR     .....                    (no amulet)
Stlth  ..........               (no ring)
                                (no ring)

@: berserking, lethally poisoned (0 -> -22), very quick, not resistant to
hostile enchantments, extremely unstealthy
A: fangs 3, see invisible, unbreathing
a: Bat Form, Berserk, Trog's Hand, Burn Spellbooks, Renounce Religion


You were on level 6 of the Dungeon.
You worshipped Trog.
Trog was pleased with you.
You were not thirsty.

You visited 1 branch of the dungeon, and saw 7 of its levels.

You collected 72 gold pieces.

Inventory:

Hand Weapons
 a - a +1 hand axe (weapon)
 f - a cursed -1 blowgun
Missiles
 g - 20 poisoned needles
 o - a throwing net (quivered)
Armour
 b - a +0 animal skin
 d - a +0 ring mail
 l - a +0 helmet (worn)
 n - a +0 plate armour (worn)
Wands
 e - a wand of confusion (20/48)
Scrolls
 h - a scroll of remove curse
 i - a scroll of teleportation {unknown}
 j - 3 scrolls of identify
 k - a scroll of random uselessness {unknown}
 m - a scroll of fear {unknown}
Potions
 c - a potion of blood


   Skills:
 - Level 2.6 Fighting
 + Level 8.5 Axes
 - Level 1.5 Armour
 - Level 2.1 Dodging


You had 6 spell levels left.
You didn't know any spells.

Dungeon Overview and Level Annotations

Branches:
Dungeon (7/15)             Temple (0/1) D:6

Altars:
Qazlal

Shops:
D:7 }


Innate Abilities, Weirdness & Mutations

You have razor-sharp teeth.
You have supernaturally acute eyesight. (SInv)
You can survive without breathing.


Message History

You are more poisoned.
The scorpion poisons you!
You closely miss the scorpion.
The scorpion is severely wounded.
* * * LOW HITPOINT WARNING * * *
You feel sick. The orc hits you but does no damage.
Unknown command.
You hit the scorpion.
The scorpion is almost dead.
* * * LOW HITPOINT WARNING * * *
You feel sick. The scorpion stings you.
* * * LOW HITPOINT WARNING * * *
Unknown command.
You hit the scorpion.
You kill the scorpion!
Trog accepts your kill.
* * * LOW HITPOINT WARNING * * *
You feel sick. The orc closely misses you.
Unknown command.
You die...

# ## # #. .#
#.##S### .#
#......# .# #.#
#.....>####.#.....
#.........@.>.#
#......####o###
#......# .#
#.###### (# #. .#
. .# .# .#


You could see an orc.

Vanquished Creatures
  The ghost of Amnesiac the Zephyrmancer, a novice TeAE of Sif Muna (D:3)
  An ice beast (D:7)
  An ogre (D:4)
  A scorpion (D:6)
  An orc priest (D:5)
  A centaur skeleton (D:4)
  An orc wizard (D:6)
  4 worker ants
  A hound skeleton (D:5)
  A dart slug (D:3)
  5 orcs
  A ball python (D:1)
  A bat (D:1)
  A giant cockroach (D:1)
  A goblin (D:3)
  A hobgoblin (D:2)
  3 jackals (D:1)
  2 kobolds
  3 quokkas
  2 giant newts
  3 rats (D:1)
36 creatures vanquished.

Notes
Turn   | Place    | Note
-------+----------+-------------------------------------------
     0 | D:1      | brucemayne the Vampire Berserker began the quest for the Orb.
     0 | D:1      | Reached XP level 1. HP: 17/17 MP: 1/1
    50 | D:1      | Reached skill level 3 in Axes
   119 | D:1      | Reached XP level 2. HP: 11/23 MP: 2/2
   191 | D:2      | You fall through a shaft!
   196 | D:3      | Noticed Amnesiac's ghost (novice TeAE)
   211 | D:3      | Killed Amnesiac's ghost
   211 | D:3      | Reached skill level 6 in Axes
   211 | D:3      | Reached XP level 3. HP: 24/28 MP: 3/3
   211 | D:3      | Reached XP level 4. HP: 29/34 MP: 4/4
   211 | D:3      | Reached XP level 5. HP: 33/39 MP: 5/5
   211 | D:3      | Reached XP level 6. HP: 40/46 MP: 6/6
   341 | D:4      | Reached skill level 7 in Axes
   435 | D:4      | Reached ** piety under Trog
   438 | D:4      | Reached XP level 7. HP: 31/51 MP: 7/7
   660 | D:5      | Entered Level 5 of the Dungeon
   858 | D:7      | Found Vetruwora's Gadget Shop.
   915 | D:7      | Reached skill level 8 in Axes
   944 | D:7      | Found a stormy altar of Qazlal.
   946 | D:7      | Noticed a water elemental
   947 | D:7      | Noticed an air elemental
   947 | D:7      | Noticed a fire elemental
   998 | D:6      | Found a staircase to the Ecumenical Temple.
  1029 | D:6      | HP: 2/76 [scorpion (5)]
  1031 | D:6      | Succumbed to a scorpion's poison

Vault maps used:
D:1:      onia_arrival_larder
D:2:      amethyst_overflow_temple_binary, uniq_jessica
D:4:      first_bread, hangedman_abyss_or_decor_jellyfish_corner
D:5:      kiku_gazebo_garden_becter, basic_altar
D:6:      dancing_weapons_uskayaw, uniq_eustachio
D:7:      nicolae_whirlpool, kennysheep_little_box,
          nicolae_qazlal_style_of_elements, enter_ossuary_1, serial_shops,
          nicolae_shop_temple_entry_statues_fountains, shop_scrolls, shop,
          grunt_gozag_breadcrumbs

Skill      XL: |  1  2  3  4  5  6  7 |
---------------+----------------------+-----
Axes           | 3 6 7 8 |  8.5
Fighting       | |  2.6
Armour         | |  1.5
Dodging        | |  2.1

Action                   |  1- 3 |  4- 6 |  7- 9 || total
-------------------------+-------+-------+-------++-------
Melee: Hand axe          |    54 |    26 |    88 ||   168
       Bite              |     5 |       |     7 ||    12
Invok: Berserk           |     1 |     2 |     3 ||     6
  Use: Potion            |       |     3 |     5 ||     8
       Scroll            |       |       |     4 ||     4
 Stab: Sleeping          |     2 |       |       ||     2
Armor: Ring mail         |    12 |     5 |     4 ||    21
       Animal skin       |     5 |       |       ||     5
       Plate armour      |       |       |    50 ||    50
Dodge: Dodged            |    28 |    18 |    24 ||    70
